Workbook
Name \I: '7990RES-P'!$K$789:$K$789
Name \I: #REF!
Name \I2: '7990RES-P'!$K$791:$K$791
Name \I2: #REF!
Name \I3: '7990RES-P'!$K$793:$K$793
Name \I3: #REF!
Name \I4: '7990RES-P'!$K$794:$K$794
Name \I4: #REF!
Name \I5: '7990RES-P'!$K$795:$K$795
Name \I5: #REF!
Name \I6: '7990RES-P'!$K$796:$K$796
Name \I6: #REF!
Name \I7: '7990RES-P'!$K$797:$K$797
Name \I7: #REF!
Name \I8: '7990RES-P'!$K$798:$K$798
Name \I8: #REF!
Name \I9: '7990RES-P'!$K$799:$K$799
Name \I9: #REF!
Name _1_5: '7990RES-P'!$J$762:$J$763
Name _2_5: #REF!
Name BACKA: #REF!
Name BACKB: #REF!
Name BACKC: #REF!
Name BACKD: #REF!
Name BLOCK: #REF!
Name REPORT: '7990RES-P'!$A$1:$I$88
Name REPORT: #REF!

Sheet Data Entry Sheet
B1: Data Entry Sheet - FY 2012-13 Cost Report
B2: RES - Perinatal
C4: County Name
C5: Contractor/Provider Name
C6: Contract Number
C7: 4-digit DMC Number
C8: 6-digit Provider Number
B10: COST INFORMATION
B12: Private Pay | C12: Drug Medi-Cal | D12: NNA/Public Funded
E13: Personnel Services
E14: Salary and Wages
E15: Employee Benefits
E16: Direct Services
E17: Clothing and Personal Supplies
E18: Food
E19: Laundry Services and Supplies
E20: Pharmaceutical
E21: Other
E22: Equipment, Materials and Supplies
E23: Depreciation - Equipment
E24: Maintenance - Equipment
... E58: Direct Costs (only if both NNA and DMC funding is identified)
B60: FEES, INSURANCE, UNIT INFORMATION
B62: Private Pay | C62: Drug Medi-Cal | D62: NNA/Public Funded
E63: Participant Fees
E64: Insurance, Medicare and Other Third Party
E65: Individual Face to Face Visits
E66: Group Face to Face Visits
E67: Daycare Day (non Minor Consent)
E68: Residential Day
E69: Other - Minor Consent
D70: =+-C70 -> 0 | E70: Adjustments for DMC Denied/Unallowed Units - MUST BE POSITIVE
E71: Group Sessions
E72: Staff Hours
B74: Drug Medi-Cal Reconciliation of Claims (Units)
B75: Submitted | C75: Denied | D75: Adjusted/Erroneous
E76: Reporting Period - July through June
E77: 2nd Reporting Period - October through June
E78: 3rd Reporting Period - April through June
E79: Minor Consent - July through September - Title XIX
E80: Minor Consent - October through June - Title XIX
E81: Minor Consent - April through June - 7N Aid Code
E82: Minor Consent - July through June - non-Title XIX
E83: Other Non-Title XIX (100% SGF)

Sheet 7895RES-P
B2: DRUG MEDI-CAL FISCAL DETAIL
B3: REPORT OF EXPENDITURES AND REVENUES
B4: =MID('Data Entry Sheet'!B1,FIND("FY",'Data Entry Sheet'!B1),10) -> FY 2012-13
C6: SUMMARY
B8: COUNTY | C8: =('Data Entry Sheet'!B4) -> 0
B9: CONTRACTOR | C9: =('Data Entry Sheet'!B5) -> 0 | E9: MEDI-CAL PROV. NO. | G9: =('Data Entry Sheet'!B7) -> 0
B10: CONTRACT NUMBER | C10: =('Data Entry Sheet'!B6) -> 0 | E10: CADDS PROVIDER NO. | G10: =('Data Entry Sheet'!B8) -> 0
B13: TYPE OF PROGRAM - RES - Perinatal
D14: A | E14: B | F14: C | G14: D | H14: E
D15: TOTAL | E15: PRIVATE | H15: TOTAL MC
B16: CATEGORIES | D16: PROGRAM | E16: PAY | F16: MEDI-CAL | G16: FUNDED
B17: A. PERSONNEL SERVICES | D17: =E17+F17+G17 -> 0 | E17: =E48 -> 0 | F17: =F48 -> 0 | G17: =G48 -> 0 | H17: =F17+G17 -> 0
B18: B. DIRECT SERVICES | D18: =E18+F18+G18 -> 0 | E18: =E55 -> 0 | F18: =F55 -> 0 | G18: =G55 -> 0 | H18: =F18+G18 -> 0
B19: C. EQUIPMENT MATERIALS & SUPPLIES | D19: =E19+F19+G19 -> 0 | E19: =E65 -> 0 | F19: =F65 -> 0 | G19: =G65 -> 0 | H19: =F19+G19 -> 0
B20: D. OTHER OPERATING EXPENSES | D20: =E20+F20+G20 -> 0 | E20: =E82 -> 0 | F20: =F82 -> 0 | G20: =G82 -> 0 | H20: =F20+G20 -> 0
B21: E. PROFESSIONAL & SPECIAL SERVICES | D21: =E21+F21+G21 -> 0 | E21: =E83 -> 0 | F21: =F83 -> 0 | G21: =G83 -> 0 | H21: =F21+G21 -> 0
B22: F. TRANSPORTATION | D22: =E22+F22+G22 -> 0 | E22: =E90 -> 0 | F22: =F90 -> 0 | G22: =G90 -> 0 | H22: =F22+G22 -> 0
B23: G. INDIRECT COSTS | D23: =E23+F23+G23 -> 0 | E23: =E92 -> 0 | F23: =F92 -> 0 | G23: =G92 -> 0 | H23: =F23+G23 -> 0
B24: G1. COUNTY ADMINISTRATION | D24: =E24+F24+G24 -> 0 | F24: =F94 -> 0 | H24: =F24+G24 -> 0
B25: TOTAL GROSS COSTS | D25: =SUM(D17:D24) -> 0 | E25: =SUM(E17:E24) -> 0 | F25: =SUM(F17:F24) -> 0 | G25: =SUM(G17:G24) -> 0 | H25: =SUM(H17:H24) -> 0
B26: REVENUES
B27: H. PARTICIPANT FEES (SHARE OF COSTS) | D27: =E27+F27+G27 -> 0 | E27: =('Data Entry Sheet'!B63) -> 0 | F27: =('Data Entry Sheet'!C63) -> 0 | G27: =('Data Entry Sheet'!D63) -> 0 | H27: =F27+G27 -> 0
B28: I. INSURANCE, MEDICARE, & OTHER THIRD PARTY | D28: =E28+F28+G28 -> 0 | E28: =('Data Entry Sheet'!B64) -> 0 | F28: =('Data Entry Sheet'!C64) -> 0 | G28: =('Data Entry Sheet'!D64) -> 0 | H28: =F28+G28 -> 0
B29: NET COSTS (GROSS COSTS LESS LINES H,I) | D29: =SUM(D25-D27-D28) -> 0 | E29: =SUM(E25-E27-E28) -> 0 | F29: =SUM(F25-F27-F28) -> 0 | G29: =SUM(G25-G27-G28) -> 0 | H29: =SUM(H25-H27-H28) -> 0
B30: UNITS OF SERVICE
B31: L. INDIVIDUAL FACE TO FACE VISITS | D31: =E31+F31+G31 -> 0 | E31: =('Data Entry Sheet'!B65) -> 0 | F31: =('Data Entry Sheet'!C65) -> 0 | G31: =('Data Entry Sheet'!D65) -> 0 | H31: =F31+G31 -> 0
B32: M. GROUP FACE TO FACE VISITS | D32: =E32+F32+G32 -> 0 | E32: =('Data Entry Sheet'!B66) -> 0 | F32: =('Data Entry Sheet'!C66) -> 0 | G32: =('Data Entry Sheet'!D66) -> 0 | H32: =F32+G32 -> 0
B33: N. DAYCARE DAY | D33: =E33+F33+G33 -> 0 | E33: =('Data Entry Sheet'!B67) -> 0 | F33: =('Data Entry Sheet'!C67) -> 0 | G33: =('Data Entry Sheet'!D67) -> 0 | H33: =F33+G33 -> 0
B34: O. RESIDENTIAL DAY | D34: =E34+F34+G34 -> 0 | E34: =('Data Entry Sheet'!B68) -> 0 | F34: ='Data Entry Sheet'!C68-'7990RES-P'!E40-'7990RES-P'!E41-'7990RES-P'!F40-'7990RES-P'!F41 -> 0 | G34: =('Data Entry Sheet'!D68) -> 0 | H34: =F34+G34 -> 0
B35: P. OTHER (Specify) - MINOR CONSENT | D35: =E35+F35+G35 -> 0 | E35: =('Data Entry Sheet'!B69) -> 0 | F35: ='Data Entry Sheet'!C69-'7990RES-P'!E43-'7990RES-P'!E44-'7990RES-P'!E46-'7990RES-P'!E47-'7990RES-P'!F43-'7990RES-P'!F44-'7990RES-P'!F46-'7990RES-P'!F47 -> 0 | G35: =('Data Entry Sheet'!D69) -> 0 | H35: =F35+G35 -> 0
B36: Q. TOTAL | D36: =SUM(D31:D35) -> 0 | E36: =SUM(E31:E35) -> 0 | F36: =SUM(F31:F35) -> 0 | G36: =SUM(G31:G35) -> 0 | H36: =F36+G36 -> 0
B37: Q1. ADJUSTMENT FOR DMC DENIED/UNALLOWABLE UNITS | D37: =E37+F37+G37 -> 0 | E37: =('Data Entry Sheet'!B70) -> 0 | F37: =('Data Entry Sheet'!C70) -> 0 | G37: =+(-F37) -> 0 | H37: =F37+G37 -> 0
B38: Q2. ADJUSTED TOTAL | D38: =+D37+D36 -> 0 | E38: =+E36+E37 -> 0 | F38: =+F36+F37 -> 0 | G38: =+G36+G37 -> 0 | H38: =F38+G38 -> 0
B39: R. GROUP SESSIONS | D39: =E39+F39+G39 -> 0 | E39: =('Data Entry Sheet'!B71) -> 0 | F39: =('Data Entry Sheet'!C71) -> 0 | G39: =('Data Entry Sheet'!D71) -> 0 | H39: =F39+G39 -> 0
B40: S. STAFF HOURS (DIRECT SVCS - COUNSELING, MEDICAL, ETC.) | D40: =E40+F40+G40 -> 0 | E40: =('Data Entry Sheet'!B72) -> 0 | G40: =('Data Entry Sheet'!D72) -> 0 | H40: =F40+G40 -> 0
B41: T. COST PER UNIT OF SERVICE (UNITS) (GROSS COSTS/LINE Q) | D41: =IF(OR(D25=0,D38=0),0,SUM(D25/D38)) -> 0 | E41: =IF(OR(E25=0,E38=0),0,SUM(E25/E38)) -> 0 | F41: =IF(OR(F25=0,F38=0),0,SUM(F25/F38)) -> 0 | G41: =IF(OR(G25=0,G38=0),0,SUM(G25/G38)) -> 0 | H41: =IF(OR(H25=0,H38=0),0,SUM(H25/H38)) -> 0
B42: U. COST PER STAFF HOUR (GROSS COSTS/LINE S) | D42: =IF(OR(D25=0,D40=0),0,SUM(D25/D40)) -> 0 | E42: =IF(OR(E25=0,E40=0),0,SUM(E25/E40)) -> 0 | F42: =IF(OR(F25=0,F40=0),0,SUM(F25/F40)) -> 0 | H42: =IF(OR(H25=0,H40=0),0,SUM(H25/H40)) -> 0
D43: TOTAL | E43: PRIVATE | H43: TOTAL MC
B44: CATEGORIES | D44: PROGRAM | E44: PAY | F44: MEDI-CAL | G44: FUNDED
B45: PERSONNEL SERVICES
B46: Salaries & Wages | D46: =E46+F46+G46 -> 0 | E46: =('Data Entry Sheet'!B14) -> 0 | F46: =('Data Entry Sheet'!C14) -> 0 | G46: =('Data Entry Sheet'!D14) -> 0 | H46: =F46+G46 -> 0
B47: Employee Benefits | D47: =E47+F47+G47 -> 0 | E47: =('Data Entry Sheet'!B15) -> 0 | F47: =('Data Entry Sheet'!C15) -> 0 | G47: =('Data Entry Sheet'!D15) -> 0 | H47: =F47+G47 -> 0
B48: TOTAL PERSONNEL SERVICES | D48: =D46+D47 -> 0 | E48: =E46+E47 -> 0 | F48: =F46+F47 -> 0 | G48: =G46+G47 -> 0 | H48: =H46+H47 -> 0
B49: DIRECT SERVICES
B50: Clothing & Personal Supplies | D50: =E50+F50+G50 -> 0 | E50: =('Data Entry Sheet'!B17) -> 0 | F50: =('Data Entry Sheet'!C17) -> 0 | G50: =('Data Entry Sheet'!D17) -> 0 | H50: =F50+G50 -> 0
B51: Food | D51: =E51+G51 -> 0 | E51: =('Data Entry Sheet'!B18) -> 0 | F51: 0 | G51: =('Data Entry Sheet'!D18) -> 0 | H51: 0
B52: Laundry Services & Supplies | D52: =E52+F52+G52 -> 0 | E52: =('Data Entry Sheet'!B19) -> 0 | F52: =('Data Entry Sheet'!C19) -> 0 | G52: =('Data Entry Sheet'!D19) -> 0 | H52: =F52+G52 -> 0
B53: Pharmaceutical | D53: =E53+F53+G53 -> 0 | E53: =('Data Entry Sheet'!B20) -> 0 | F53: =('Data Entry Sheet'!C20) -> 0 | G53: =('Data Entry Sheet'!D20) -> 0 | H53: =F53+G53 -> 0
B54: Other (Specify) | D54: =E54+F54+G54 -> 0 | E54: =('Data Entry Sheet'!B21) -> 0 | F54: =('Data Entry Sheet'!C21) -> 0 | G54: =('Data Entry Sheet'!D21) -> 0 | H54: =F54+G54 -> 0
B55: SUBTOTAL DIRECT SERVICES | D55: =SUM(D50:D54) -> 0 | E55: =SUM(E50:E54) -> 0 | F55: =SUM(F50:F54) -> 0 | G55: =SUM(G50:G54) -> 0 | H55: =SUM(H50:H54) -> 0
B56: EQUIPMENT, MATERIALS & SUPPLIES
B57: Depreciation-Equipment | D57: =E57+F57+G57 -> 0 | E57: =('Data Entry Sheet'!B23) -> 0 | F57: =('Data Entry Sheet'!C23) -> 0 | G57: =('Data Entry Sheet'!D23) -> 0 | H57: =F57+G57 -> 0
B58: Maintenance-Equipment | D58: =E58+F58+G58 -> 0 | E58: =('Data Entry Sheet'!B24) -> 0 | F58: =('Data Entry Sheet'!C24) -> 0 | G58: =('Data Entry Sheet'!D24) -> 0 | H58: =F58+G58 -> 0
B59: Medical, Dental, and Labratory Supplies | D59: =E59+F59+G59 -> 0 | E59: =('Data Entry Sheet'!B25) -> 0 | F59: =('Data Entry Sheet'!C25) -> 0 | G59: =('Data Entry Sheet'!D25) -> 0 | H59: =F59+G59 -> 0
B60: Membership Dues | D60: =E60+F60+G60 -> 0 | E60: =('Data Entry Sheet'!B26) -> 0 | F60: =('Data Entry Sheet'!C26) -> 0 | G60: =('Data Entry Sheet'!D26) -> 0 | H60: =F60+G60 -> 0
B61: Rents & Leases Equipment | D61: =E61+F61+G61 -> 0 | E61: =('Data Entry Sheet'!B27) -> 0 | F61: =('Data Entry Sheet'!C27) -> 0 | G61: =('Data Entry Sheet'!D27) -> 0 | H61: =F61+G61 -> 0
B62: Small Tools & Instruments | D62: =E62+F62+G62 -> 0 | E62: =('Data Entry Sheet'!B28) -> 0 | F62: =('Data Entry Sheet'!C28) -> 0 | G62: =('Data Entry Sheet'!D28) -> 0 | H62: =F62+G62 -> 0
B63: Training | D63: =E63+F63+G63 -> 0 | E63: =('Data Entry Sheet'!B29) -> 0 | F63: =('Data Entry Sheet'!C29) -> 0 | G63: =('Data Entry Sheet'!D29) -> 0 | H63: =F63+G63 -> 0
B64: Other (Specify) | D64: =E64+F64+G64 -> 0 | E64: =('Data Entry Sheet'!B30) -> 0 | F64: =('Data Entry Sheet'!C30) -> 0 | G64: =('Data Entry Sheet'!D30) -> 0 | H64: =F64+G64 -> 0
B65: SUBTOTAL EQUIPMENT, MATERIALS & SUPPLIES | D65: =SUM(D57:D64) -> 0 | E65: =SUM(E57:E64) -> 0 | F65: =SUM(F57:F64) -> 0 | G65: =SUM(G57:G64) -> 0 | H65: =SUM(H57:H64) -> 0
B66: OTHER OPERATING EXPENSES
B67: Communications | D67: =E67+F67+G67 -> 0 | E67: =('Data Entry Sheet'!B32) -> 0 | F67: =('Data Entry Sheet'!C32) -> 0 | G67: =('Data Entry Sheet'!D32) -> 0 | H67: =F67+G67 -> 0
B68: Depreciation-Structures & Improvements | D68: =E68+F68+G68 -> 0 | E68: =('Data Entry Sheet'!B33) -> 0 | F68: =('Data Entry Sheet'!C33) -> 0 | G68: =('Data Entry Sheet'!D33) -> 0 | H68: =F68+G68 -> 0
B69: Household Expenses | D69: =E69+F69+G69 -> 0 | E69: =('Data Entry Sheet'!B34) -> 0 | F69: =('Data Entry Sheet'!C34) -> 0 | G69: =('Data Entry Sheet'!D34) -> 0 | H69: =F69+G69 -> 0
B70: Insurance | D70: =E70+F70+G70 -> 0 | E70: =('Data Entry Sheet'!B35) -> 0 | F70: =('Data Entry Sheet'!C35) -> 0 | G70: =('Data Entry Sheet'!D35) -> 0 | H70: =F70+G70 -> 0
B71: Interest Expense | D71: =E71+F71+G71 -> 0 | E71: =('Data Entry Sheet'!B36) -> 0 | F71: =('Data Entry Sheet'!C36) -> 0 | G71: =('Data Entry Sheet'!D36) -> 0 | H71: =F71+G71 -> 0
B72: Leased Property Maintenance, Structures Improvements & Grounds | D72: =E72+F72+G72 -> 0 | E72: =('Data Entry Sheet'!B37) -> 0 | F72: =('Data Entry Sheet'!C37) -> 0 | G72: =('Data Entry Sheet'!D37) -> 0 | H72: =F72+G72 -> 0
B73: Maintenance-Structures, Improvements & Grounds | D73: =E73+F73+G73 -> 0 | E73: =('Data Entry Sheet'!B38) -> 0 | F73: =('Data Entry Sheet'!C38) -> 0 | G73: =('Data Entry Sheet'!D38) -> 0 | H73: =F73+G73 -> 0
B74: Miscellaneous Expense | D74: =E74+F74+G74 -> 0 | E74: =('Data Entry Sheet'!B39) -> 0 | F74: =('Data Entry Sheet'!C39) -> 0 | G74: =('Data Entry Sheet'!D39) -> 0 | H74: =F74+G74 -> 0
B75: Office Expense | D75: =E75+F75+G75 -> 0 | E75: =('Data Entry Sheet'!B40) -> 0 | F75: =('Data Entry Sheet'!C40) -> 0 | G75: =('Data Entry Sheet'!D40) -> 0 | H75: =F75+G75 -> 0
B76: Publications and Legal Notices | D76: =E76+F76+G76 -> 0 | E76: =('Data Entry Sheet'!B41) -> 0 | F76: =('Data Entry Sheet'!C41) -> 0 | G76: =('Data Entry Sheet'!D41) -> 0 | H76: =F76+G76 -> 0
B77: Rents & Leases-Land, Structures & Improvements | D77: =E77+F77+G77 -> 0 | E77: =('Data Entry Sheet'!B42) -> 0 | F77: =('Data Entry Sheet'!C42) -> 0 | G77: =('Data Entry Sheet'!D42) -> 0 | H77: =F77+G77 -> 0
B78: Taxes & Licenses | D78: =E78+F78+G78 -> 0 | E78: =('Data Entry Sheet'!B43) -> 0 | F78: =('Data Entry Sheet'!C43) -> 0 | G78: =('Data Entry Sheet'!D43) -> 0 | H78: =F78+G78 -> 0
... B81: Other (Specify) | D81: =E81+F81+G81 -> 0 | E81: =('Data Entry Sheet'!B46) -> 0 | F81: =('Data Entry Sheet'!C46) -> 0 | G81: =('Data Entry Sheet'!D46) -> 0 | H81: =F81+G81 -> 0
B82: SUBTOTAL OTHER OPERATING EXPENSES | D82: =SUM(D67:D81) -> 0 | E82: =SUM(E67:E81) -> 0 | F82: =SUM(F67:F81) -> 0 | G82: =SUM(G67:G81) -> 0 | H82: =SUM(H67:H81) -> 0
B83: PROFESSIONAL & SPECIAL SERVICES | D83: =E83+F83+G83 -> 0 | E83: =('Data Entry Sheet'!B48) -> 0 | F83: =('Data Entry Sheet'!C48) -> 0 | G83: =('Data Entry Sheet'!D48) -> 0 | H83: =F83+G83 -> 0
B84: TRANSPORTATION
B85: Transportation | D85: =E85+F85+G85 -> 0 | E85: =('Data Entry Sheet'!B50) -> 0 | F85: =('Data Entry Sheet'!C50) -> 0 | G85: =('Data Entry Sheet'!D50) -> 0 | H85: =F85+G85 -> 0
B86: Travel | D86: =E86+F86+G86 -> 0 | E86: =('Data Entry Sheet'!B51) -> 0 | F86: =('Data Entry Sheet'!C51) -> 0 | G86: =('Data Entry Sheet'!D51) -> 0 | H86: =F86+G86 -> 0
B87: Gas, Oil, & Maintenance - Vehicles | D87: =E87+F87+G87 -> 0 | E87: =('Data Entry Sheet'!B52) -> 0 | F87: =('Data Entry Sheet'!C52) -> 0 | G87: =('Data Entry Sheet'!D52) -> 0 | H87: =F87+G87 -> 0
B88: Rents & Leases-Vehicles | D88: =E88+F88+G88 -> 0 | E88: =('Data Entry Sheet'!B53) -> 0 | F88: =('Data Entry Sheet'!C53) -> 0 | G88: =('Data Entry Sheet'!D53) -> 0 | H88: =F88+G88 -> 0
B89: Depreciation-Vehicles | D89: =E89+F89+G89 -> 0 | E89: =('Data Entry Sheet'!B54) -> 0 | F89: =('Data Entry Sheet'!C54) -> 0 | G89: =('Data Entry Sheet'!D54) -> 0 | H89: =F89+G89 -> 0
B90: SUBTOTAL TRANSPORTATION | D90: =SUM(D85:D89) -> 0 | E90: =SUM(E85:E89) -> 0 | F90: =SUM(F85:F89) -> 0 | G90: =SUM(G85:G89) -> 0 | H90: =SUM(H85:H89) -> 0
B91: TOTAL NONPERSONNEL | D91: =D55+D65+D82+D83+D90 -> 0 | E91: =E55+E65+E82+E83+E90 -> 0 | F91: =F55+F65+F82+F83+F90 -> 0 | G91: =G55+G65+G82+G83+G90 -> 0 | H91: =H55+H65+H82+H83+H90 -> 0
B92: Indirect Costs | D92: =SUM(E92+H92) -> 0 | E92: =('Data Entry Sheet'!B56) -> 0 | F92: =('Data Entry Sheet'!C56) -> 0 | G92: =('Data Entry Sheet'!D56) -> 0 | H92: =SUM(F92:G92) -> 0
B93: PROVIDER TOTAL | D93: =SUM(F93:G93) -> 0 | E93: =E91+E92+E48 -> 0 | F93: =F91+F92+F48 -> 0 | G93: =G91+G92+G48 -> 0 | H93: =SUM(F93:G93) -> 0
B94: DMC COUNTY ADMINISTRATION TOTAL | D94: =F94 -> 0 | F94: =('Data Entry Sheet'!C57) -> 0 | H94: =F94 -> 0
B95: OVERALL TOTAL | D95: =D93+D94 -> 0 | E95: =E93+E94 -> 0 | F95: =F93+F94 -> 0 | G95: =G93+G94 -> 0 | H95: =H93+H94 -> 0
B97: DIRECT COSTS (Only if both NNA and D/MC funding is identified) | F97: =('Data Entry Sheet'!C58) -> 0 | G97: =('Data Entry Sheet'!D58) -> 0

Sheet 7990RES-P
A2: DRUG MEDI-CAL FISCAL DETAIL
A3: DRUG MEDI-CAL PROGRAM COST SUMMARY
A4: ='7895RES-P'!B4 -> FY 2012-13
A6: 7990 - RES - Perinatal
A8: COUNTY | B8: =('7895RES-P'!C8) -> 0 | D8: MEDI-CAL PROV. NUMBER | F8: =('7895RES-P'!G9) -> 0
A9: PROVIDER | B9: =('7895RES-P'!C9) -> 0 | D9: CADDS PROVIDER NUMBER | F9: =('7895RES-P'!G10) -> 0
A10: Co. NUMBER | B10: =('7895RES-P'!C10) -> 0
C13: ADJUSTMENT OF TOTAL COST
D14: 1 | E14: 2 | F14: 3 | G14: 4 | H14: 5
D15: TOTAL | E15: LESS DIRECT | F15: LESS DIRECT
D16: DMC | E16: NNA | F16: DMC | G16: ADJUSTED
B17: CATEGORY | D17: PROVIDER COSTS | E17: COSTS | F17: COSTS | G17: PROGRAM COST
B18: A. PERSONNEL SERVICES | D18: =('7895RES-P'!F17) -> 0
B19: B. DIRECT SERVICES | D19: =('7895RES-P'!F18) -> 0
B20: C. EQUIPMENT, MATERIAL, & SUPPLIES | D20: =('7895RES-P'!F19) -> 0
B21: D. OTHER OPERATION EXPENSES | D21: =('7895RES-P'!F20) -> 0
B22: E. PROFESSIONAL & SPECIAL SERVICES | D22: =('7895RES-P'!F21) -> 0
B23: F. TRANSPORTATION | D23: =('7895RES-P'!F22) -> 0 | H23: DMC
B24: G. INDIRECT COSTS | D24: =('7895RES-P'!F23) -> 0 | H24: COUNTY
B25: G1. DMC COUNTY ADMINISTRATION | D25: ='7895RES-P'!F94 -> 0 | H25: ADMIN
B26: H. TOTAL COSTS | D26: =SUM(D18:D25) -> 0 | E26: =('7895RES-P'!G97) -> 0 | F26: =('7895RES-P'!F97) -> 0 | G26: =SUM(D26-E26-F26) -> 0 | H26: =('7895RES-P'!F24) -> 0
C28: MEDI-CAL PROVIDER COST CALCULATION
F31: TOTAL
A32: 01 | B32: TOTAL SERVICE COSTS | F32: =SUM(G26-H26) -> 0 | I32: =IF(ISBLANK(A32),"",A32) -> 01
A33: 02 | B33: TOTAL SERVICE UNITS | F33: =+H53 -> 0 | I33: =IF(ISBLANK(A33),"",A33) -> 02
A34: 03 | B34: COST PER UNIT OF SERVICE | F34: =IF(OR(F32=0,F33=0),0,SUM(F32/F33)) -> 0 | I34: =IF(ISBLANK(A34),"",A34) -> 03
A35: 04 | B35: STATEWIDE MAXIMUM ALLOWABLE RATE | F35: 96.28 | I35: =IF(ISBLANK(A35),"",A35) -> 04
F37: ADJUSTED/ | G37: TOTAL
D38: TOTAL UNITS | E38: DENIED | F38: ERRONEOUS | G38: DMC UNITS
A39: DRUG MEDI-CAL (DMC) RECONCILIATION OF CLAIMS (UNITS) | D39: SUBMITTED | E39: UNITS | F39: UNITS
A40: 04a | B40: Reporting Period - July through June | D40: ='Data Entry Sheet'!B76 -> 0 | E40: ='Data Entry Sheet'!C76 -> 0 | F40: ='Data Entry Sheet'!D76 -> 0 | G40: =SUM(D40-E40-F40) -> 0 | I40: =IF(ISBLANK(A40),"",A40) -> 04a
A41: 04b | B41: 2nd Reporting Period - October through June | D41: ='Data Entry Sheet'!B77 -> 0 | E41: ='Data Entry Sheet'!C77 -> 0 | F41: ='Data Entry Sheet'!D77 -> 0 | I41: =IF(ISBLANK(A41),"",A41) -> 04b
A42: 04c | B42: 3nd Reporting Period - April thru June | D42: ='Data Entry Sheet'!B78 -> 0 | E42: ='Data Entry Sheet'!C78 -> 0 | F42: ='Data Entry Sheet'!D78 -> 0 | G42: =SUM(D42-E42-F42) -> 0 | I42: =IF(ISBLANK(A42),"",A42) -> 04c
A43: 04c1 | B43: Minor Consent - July through September - Title XIX Clients | D43: ='Data Entry Sheet'!B79 -> 0 | E43: ='Data Entry Sheet'!C79 -> 0 | F43: ='Data Entry Sheet'!D79 -> 0 | G43: =SUM(D43-E43-F43) -> 0 | I43: =IF(ISBLANK(A43),"",A43) -> 04c1
A44: 04c2 | B44: Minor Consent - October through June - Title XIX Clients | D44: ='Data Entry Sheet'!B80 -> 0 | E44: ='Data Entry Sheet'!C80 -> 0 | F44: ='Data Entry Sheet'!D80 -> 0 | G44: =SUM(D44-E44-F44) -> 0 | I44: =IF(ISBLANK(A44),"",A44) -> 04c2
A45: 04c3 | B45: Minor Consent - April thru June - 7N AID Code Clients | D45: ='Data Entry Sheet'!B81 -> 0 | E45: ='Data Entry Sheet'!C81 -> 0 | F45: ='Data Entry Sheet'!D81 -> 0 | G45: =SUM(D45-E45-F45) -> 0 | I45: =IF(ISBLANK(A45),"",A45) -> 04c3
A46: 04c4 | B46: Minor Consent - July through June - Non-Title XIX 100% local revenue | D46: N/A | F46: ='Data Entry Sheet'!D82 -> 0 | I46: =IF(ISBLANK(A46),"",A46) -> 04c4
A47: 04c5 | B47: Non-Minor Consent - 100% SGF July through June | D47: ='Data Entry Sheet'!B83 -> 0 | E47: ='Data Entry Sheet'!C83 -> 0 | F47: ='Data Entry Sheet'!D83 -> 0 | G47: =SUM(D47-E47-F47) -> 0 | I47: =IF(ISBLANK(A47),"",A47) -> 04c5
C48: TOTAL | D48: =D40 -> 0 | E48: =E40 -> 0 | F48: =SUM(F40:F47) -> 0 | G48: =G40 -> 0
D50: BEGINNING | E50: DMC | F50: FINAL | G50: FINAL | H50: TOTAL NNA
D51: NNA | E51: UNALLOWABLE | F51: NNA | G51: DMC | H51: AND DMC
A52: NEGOTIATED NET AMOUNT (NNA) UNITS OF SERVICE | D52: UNITS | E52: UNITS | F52: UNITS | G52: UNITS | H52: UNITS
A53: 05 | B53: NNA and DMC Adjusted Units of Service | D53: ='7895RES-P'!G36 -> 0 | E53: 0 | F53: =SUM(D53+E53) -> 0 | G53: =+G48 -> 0 | H53: =SUM(G48+F53) -> 0 | I53: 05
A55: COST OF DRUG MEDI-CAL UNITS OF SERVICE
A56: 09 | B56: COST - (Line 3 × Total Units Line) | F56: =SUM(F34*G48) -> 0 | I56: =IF(ISBLANK(A56),"",A56) -> 09
A57: 10a | B57: COUNTY MEDI-CAL ADMINISTRATION | F57: =+H26 -> 0 | I57: =IF(ISBLANK(A57),"",A57) -> 10a
A58: 10b | B58: DIRECT DMC COSTS | F58: =+F26 -> 0 | I58: =IF(ISBLANK(A58),"",A58) -> 10b
A59: 11 | B59: TOTAL MEDI-CAL COSTS (Add Lines 9) | F59: =SUM(F56:F58) -> 0 | I59: =IF(ISBLANK(A59),"",A59) -> 11
A60: 12 | B60: TOTAL MEDI-CAL COST PER UNIT (line 11) | F60: =IF(OR(F59=0,G48=0),0,SUM(F59/G48)) -> 0 | I60: =IF(ISBLANK(A60),"",A60) -> 12
A61: 13 | B61: MAXIMUM ALLOWED (Line 4 × Total Units Line) | F61: =SUM(F35*G48) -> 0 | G61: Federal Share | H61: Realignment | I61: =IF(ISBLANK(A61),"",A61) -> 13
A62: 14 | B62: DRUG MEDI-CAL ALLOWED (Lesser of Lines 11 or 13) | F62: =IF(F61<F59,F61,F59) -> 0 | G62: 0.5 | H62: 0.5 | I62: =IF(ISBLANK(A62),"",A62) -> 14
A63: 14a1 | B63: Allowed for July - June (04a × the lesser line 12 or 4) | F63: =IF(F60<F35,F60*G40,F35*G40) -> 0 | G63: =F63*G62 -> 0 | H63: =F63*H62 -> 0 | I63: =IF(ISBLANK(A63),"",A63) -> 14a1
A64: 14a2 | B64: Allowed for July - Sept (04c1 × the lesser line 12 or 4) - Minor Consent | F64: =IF(F60<F35,F60*G43,F35*G43) -> 0 | G64: =F64*G62 -> 0 | H64: =F64*H62 -> 0 | I64: =IF(ISBLANK(A64),"",A64) -> 14a2
A66: 14b1 | B66: Allowed for Oct - June (04b × the lesser line 12 or 4)
A67: 14b2 | B67: Allowed for Oct - June (04c2 × the lesser line 12 or 4) - Minor Consent | H67: =F67*H65 -> 0 | I67: =IF(ISBLANK(A67),"",A67) -> 14b2
H68: 0.4565 | I68: =IF(ISBLANK(A68),"",A68)
A69: 14c(1) | B69: Allowed for Apr - June (04b X the lesser line 12 or 4) | H69: =F69*H68 -> 0 | I69: =IF(ISBLANK(A69),"",A69) -> 14c(1)
A70: 14c(2) | B70: Allowed for Apr - June (04c2 X the lesser line 12 or 4) - Minor Consent | H70: =F70*H68 -> 0 | I70: =IF(ISBLANK(A70),"",A70) -> 14c(2)
I71: =IF(ISBLANK(A71),"",A71)
A72: 14d | B72: Allowed for Minor Consent - Non-Title XIX 100% SGF | H72: =SUM(F72*1) -> 0 | I72: =IF(ISBLANK(A72),"",A72) -> 14d
A73: 14e | B73: Allowed for Non-Minor Consent Non-Title XIX (100% SGF) | F73: =IF(F60<F35,F60*G47,F35*G47) -> 0 | H73: =SUM(F73*1) -> 0 | I73: =IF(ISBLANK(A73),"",A73) -> 14e
A74: 14f | B74: Total of 14a1 | F74: =SUM(F63+F64+F66+F67+F72+F73) -> 0 | G74: =SUM(G63+G64+G66+G67) -> 0 | H74: =SUM(H63+H64+H66+H67+H72+H73) -> 0 | I74: =IF(ISBLANK(A74),"",A74) -> 14f
A76: REVENUE FROM DRUG MEDI-CAL UNITS OF SERVICE | G76: Federal Share | H76: Realignment
A77: 15a | B77: REVENUE FROM PARTICIPANT FEES (SHARE OF COST) | F77: =SUM('Data Entry Sheet'!C63) -> 0 | G77: =SUM(F77/2) -> 0 | H77: =SUM(F77-G77) -> 0 | I77: =IF(ISBLANK(A77),"",A77) -> 15a
A78: 15b | B78: REVENUE FROM INSURANCE, THIRD PARTY FEES | F78: =SUM('Data Entry Sheet'!C64) -> 0 | G78: =SUM(F78/2) -> 0 | H78: =SUM(F78-G78) -> 0 | I78: =IF(ISBLANK(A78),"",A78) -> 15b
A80: NET DRUG MEDI-CAL COSTS
A81: 16 | B81: NET COST (Line 14f minus sum Line 15a and 15b)) | F81: =SUM(F74-(F77+F78)) -> 0 | G81: =SUM(G74-(G77+G78)) -> 0 | H81: =SUM(H74-(H77+H78)) -> 0 | I81: =IF(ISBLANK(A81),"",A81) -> 16
A82: 17 | B82: LESS: AMOUNT RECEIVED | I82: =IF(ISBLANK(A82),"",A82) -> 17
A83: 18 | B83: BALANCE DUE (COUNTY) PROVIDER | I83: =IF(ISBLANK(A83),"",A83) -> 18
I762: FILE: | J762: xxcc
I763: DATE: | J763: =NOW() -> 44145.843
I764: DATE CREATED: | J764: 34479.419
J766: Centers "[----- Your heading -----]" over a range of columns.
J770: \H | K770: {OnError \H3}{Blank \H6}{Getlabel "Heading? ",\H4}
K771: /rnc\H10~{bs}.{?}~{Let \H5,@cols(\H10)}
J772: \H2 | K772: {Let \H6,\H6+1}{Let \H7,\H7+@cellpointer("width")}{IF \H6<\H5}{r}{Branch \H2}
K773: {L \H5-1}{Let \H8,\H7-(@length(@cell("contents",\H4))+4)}{ReCalc \H4}{ReCalc \H5}{ReCalc \H6}{ReCalc \H7}{ReCalc \H8}{ReCalc \H9}/rv{bs}\H9~~
J774: \H3 | K774: {Blank \H4}{Blank \H5}{Blank \H6}{Blank \H7}{Blank \H8}{ReCalc \H9}/rnd\H10~{quit}
J775: \H4
J776: \H5
J777: \H6
J778: \H7
J779: \H8
J780: \H9 | K780: ="["&REPT("-",TRUNC(K779/2))&" "&K775&" "&REPT("-",TRUNC(K779/2))&"]" -> [ ]
J785: _____________________________________________________________
J786: Centers an EXISTING heading over a range of columns.
J789: \I | K789: {OnError \I3}{Blank \I6}{Let \I4,@trim(@cellpointer("contents"))}
K790: /rnc\I10~{bs}.{?}~{Let \I5,@cols(\I10)}
J791: \I2 | K791: {Let \I6,\I6+1}{Let \I7,\I7+@cellpointer("width")}{IF \I6<\I5}{r}{Branch \I2}
K792: {L \I5-1}{Let \I8,@int((\I7-@length(@cell("contents",\I4)))/2)}{ReCalc \I4}{ReCalc \I5}{ReCalc \I6}{ReCalc \I7}{ReCalc \I8}{ReCalc \I9}{IF \I8>0}/rv{bs}\I9~~
J793: \I3 | K793: {Blank \I4}{Blank \I5}{Blank \I6}{Blank \I7}{Blank \I8}{ReCalc \I9}/rnd\I10~{quit}
J794: \I4
J795: \I5
J796: \I6
J797: \I7
J798: \I8
J799: \I9 | K799: =REPT(" ",\I8)&\I4
